 Dungeon Crawl Stone Soup version 0.31-a0-263-ge8cad7f256 (webtiles) character file.

Game seed: 2053526676264305405

144 qw the Shooter (level 5, 0/45 HPs)
             Began as a Minotaur Hexslinger on July 13, 2023.
             Killed by nerve-wracking pain
             ... invoked by Grinder
              (3 damage)
             ... on level 3 of the Dungeon.
             The game lasted 00:00:49 (2019 turns).

qw the Shooter (Minotaur Hexslinger)                Turns: 2019, Time: 00:00:49

Health: 0/45       AC:  5    Str: 12    XL:     5   Next: 5%
Magic:  5/5        EV: 11    Int: 10    God:
Gold:   128        SH:  0    Dex: 15    Spells: 5/6 levels left

rFire   . . .        Y - +2 sling
rCold   . . .        (no shield)
rNeg    . . .        h - +0 ring mail
rPois   .            (helmet restricted)
rElec   .            (no cloak)
rCorr   .            (no gloves)
SInv    .            (no boots)
Will    .....        (no amulet)
Stlth   +            (no ring)
HPRegen 0.27/turn    (no ring)
MPRegen 0.09/turn

%: no passive effects
@: no status effects
A: horns 2, retaliatory headbutt
a: no special abilities


You were on level 3 of the Dungeon.
You visited 1 branch of the dungeon, and saw 3 of its levels.

You collected 128 gold pieces.


Innate Abilities, Weirdness & Mutations

You have a pair of horns on your head.
You reflexively headbutt those who attack you in melee.


   Skills:
 - Level 3.0 Fighting
 + Level 5.0 Ranged Weapons
 - Level 1.1 Armour
 - Level 2.1 Dodging
 - Level 1.0 Spellcasting
 - Level 2.0 Hexes


You had 5 spell levels left.
You knew the following spells:

 Your Spells              Type           Power      Damage    Failure   Level
a - Slow                  Hex            16%        N/A       34%         1

Your spell library contained the following spells:

 Spells                   Type           Power      Damage    Failure   Level
 Inner Flame              Hex/Fire       2%         N/A       83%         3
 Portal Projectile        Hex/Tloc       4%         N/A       83%         3
 Cause Fear               Hex            2%         N/A       98%         4

Inventory:

Hand Weapons
 Y - a +2 sling (weapon)
Armour
 e - the +2 robe of Disguise {Harm Int+2}
   (You found it on level 2 of the Dungeon)

   Int:       It affects your intelligence (+2).
   Harm:      It increases damage dealt and taken.
 h - a +0 ring mail (worn)
Scrolls
 a - 4 scrolls of identify
 b - a scroll of acquirement {unknown}
Potions
 d - a potion of resistance
 f - a potion of might
 j - a potion of curing

Dungeon Overview and Level Annotations

Branches:
Dungeon (3/15)

Altars:

Annotations:
D:3 Grinder


Message History

You shoot a sling bullet. The sling bullet hits the adder!
You kill the adder!
The kobold hits you with a +0 dagger.
Your Fighting skill increases to level 3!
You have reached level 5!
You shoot a sling bullet. The sling bullet hits the kobold.
The kobold is severely wounded.
The kobold hits you but does no damage.
You shoot a sling bullet.
The sling bullet barely misses the kobold.
The kobold barely misses you. You furiously retaliate!
You headbutt the kobold!
You kill the kobold!
Grinder hits you.
You writhe in agony.
You shoot a sling bullet. The sling bullet hits Grinder.
Grinder is lightly wounded.
Grinder blinks!
Grinder zaps a wand.
The puff of flame hits you.
You shoot a sling bullet. The sling bullet barely misses Grinder.
You shoot a sling bullet. The sling bullet hits Grinder.
Grinder is lightly wounded.
Grinder gestures at you. Pain shoots through your body!
You shoot a sling bullet. The sling bullet hits Grinder.
Grinder is lightly wounded.
Grinder blinks!
You shoot a sling bullet. The sling bullet hits Grinder.
Grinder is moderately wounded.
Grinder blinks!
You shoot a sling bullet. The sling bullet hits Grinder.
Grinder is heavily wounded.
You start resting.
Grinder is nearby!
You shoot a sling bullet. The sling bullet barely misses Grinder.
Grinder zaps a wand.
The puff of flame hits you!
You shoot a sling bullet.
The sling bullet hits Grinder but does no damage.
Grinder is heavily wounded.
Grinder zaps a wand.
The puff of flame hits you! Grinder gestures at you.
Pain shoots through your body!
You die...

##########....)..#
###..........%.....#
>.................>#
( #..........#####.#
.. #..........# #.#
#..##..........# .#
........######## .#
........###
...7..)@..#
........(.#
..77.7....# .
...5....#
.$........#
..........#
#####...... #.......


You could see Grinder.

Vanquished Creatures
  2 orc wizards (D:2)
  2 adders
  An ufetubus (D:3)
  2 worms
  4 dart slugs
  2 orcs (D:2)
  3 endoplasms
  2 giant cockroaches (D:1)
  5 goblins
  6 hobgoblins
  3 jackals (D:1)
  10 kobolds
  4 quokkas
  4 ball pythons
  7 bats
  5 frilled lizards
  6 rats
68 creatures vanquished.

Notes
Turn   | Place    | Note
-------+----------+-------------------------------------------
     0 | D:1      | qw the Minotaur Hexslinger began the quest for the Orb.
     0 | D:1      | Reached XP level 1. HP: 16/16 MP: 1/1
     0 | D:1      | 0 ||| qw: Version: 0.3-a-52-g30416fa
     0 | D:1      | 0 ||| qw: Game counter: 7355
     0 | D:1      | 0 ||| qw: Melee chars always use a shield: true
     0 | D:1      | 0 ||| qw: God list: Okawaru
     0 | D:1      | 0 ||| qw: Allow faded altars: false
     0 | D:1      | 0 ||| qw: Do Orc after clearing Dungeon:15 true
     0 | D:1      | 0 ||| qw: Do second Lair branch before Depths: true
     0 | D:1      | 0 ||| qw: Lair rune preference: random
     0 | D:1      | 0 ||| qw: Goals: Normal
     0 | D:1      | 0 ||| PLANNING D:1-11
   333 | D:1      | Reached skill level 3 in Ranged Weapons
   333 | D:1      | Reached XP level 2. HP: 23/23 MP: 2/2
   699 | D:1      | Reached XP level 3. HP: 29/29 MP: 3/3
   934 | D:1      | 934 ||| UPGRADING to +0 leather armour.
   944 | D:1      | 944 ||| DROPPING +0 robe.
   945 | D:1      | 945 ||| UPGRADING to +0 ring mail.
   955 | D:1      | 955 ||| DROPPING +0 leather armour.
   956 | D:1      | 956 ||| READING 2 scrolls labelled ODOILI DAL GUA.
   957 | D:1      | 957 ||| READING scroll labelled XYONKY QOGIE.
   960 | D:1      | 960 ||| DRINKING 2 lumpy inky potions.
   961 | D:1      | 961 ||| DROPPING scroll of poison.
  1005 | D:2      | Reached skill level 4 in Ranged Weapons
  1177 | D:2      | Reached skill level 1 in Armour
  1275 | D:2      | Identified the +2 robe of Disguise {Harm Int+2}
  1288 | D:2      | 1288 ||| DRINKING potion of curing.
  1288 | D:2      | 1288 ||| (to cure confusion)
  1293 | D:2      | Reached XP level 4. HP: 30/36 MP: 4/4
  1456 | D:2      | Reached skill level 5 in Ranged Weapons
  1772 | D:2      | 1772 ||| READING scroll labelled LARISE RERGHEUF.
  1773 | D:2      | 1773 ||| READING scroll labelled BENKAP VAYT.
  1874 | D:2      | 1874 ||| READING 8 scrolls of identify.
  1874 | D:2      | 1874 ||| IDENTIFYING silvery potion
  1875 | D:2      | 1875 ||| READING 7 scrolls of identify.
  1875 | D:2      | 1875 ||| IDENTIFYING fuming amethyst potion
  1876 | D:2      | 1876 ||| READING 6 scrolls of identify.
  1876 | D:2      | 1876 ||| IDENTIFYING green potion
  1877 | D:2      | 1877 ||| READING 5 scrolls of identify.
  1877 | D:2      | 1877 ||| IDENTIFYING bubbling orange potion
  1878 | D:2      | 1878 ||| DROPPING potion of magic.
  1879 | D:2      | 1879 ||| DROPPING potion of brilliance.
  1998 | D:3      | Noticed Grinder
  2001 | D:3      | Paralysed by Grinder for 3 turns
  2008 | D:3      | Reached skill level 3 in Fighting
  2008 | D:3      | Reached XP level 5. HP: 33/45 MP: 5/5
  2018 | D:3      | HP: 11/45 [Grinder/puff of flame (10)]
  2019 | D:3      | HP: 3/45 [Grinder/puff of flame (9)]
  2019 | D:3      | Killed from afar by Grinder

Levels and vault maps discovered:
D:1:      tarquinn_simple_flora_water_d, layout_loops_corners,
          ebering_dispersal_statue_hall
D:2:      layout_loops_cross, minmay_tromino_v4_c
D:3:      layout_basic, chequers_garden, uniq_grinder

Skill      XL: |  1  2  3  4 |
---------------+-------------+-----
Ranged Weapons | 3 4 5 |  5.0
Fighting       | 2 3 |  3.0
Armour         | 1 |  1.1
Dodging        | |  2.1
Spellcasting   | |  1.0
Hexes          | |  2.0

Action                     |  1- 3 |  4- 6 || total
---------------------------+-------+-------++-------
   Fire: Sling             |   119 |    63 ||   182
    Use: Scroll            |     2 |     6 ||     8
         Potion            |     2 |       ||     2
 Armour: Ring mail         |     7 |    10 ||    17
         Robe              |     4 |       ||     4
  Dodge: Dodged            |    32 |     8 ||    40

Table legend:
 A = Non-vault XP
 B = Vault XP
 C = Vault XP percentage of total XP
 D = Non-vault monster count
 E = Vault monster count
 F = Vault count percentage of total count
                 A         B        C        D         E       F
            +---------+---------+-------+---------+---------+-------
      Total |     203 |       3 |   1.5 |      66 |       2 |   2.9
            +---------+---------+-------+---------+---------+-------
        D:1 |      57 |       0 |   0.0 |      34 |       0 |   0.0
        D:2 |     109 |       3 |   2.7 |      23 |       2 |   8.0
        D:3 |      37 |       0 |   0.0 |       9 |       0 |   0.0
            +---------+---------+-------+---------+---------+-------
